 Dungeon Crawl Stone Soup version 0.18-a0-1797-gc18daef (webtiles) character file.

695 macross the Chopper (level 7, -6/54 HPs)
             Began as a Minotaur Chaos Knight on Apr 22, 2016.
             Killed from afar by an orc wizard (9 damage)
             ... with a magic dart
             ... on level 4 of the Dungeon.
             The game lasted 00:06:41 (3040 turns).

macross the Chopper (Minotaur Chaos Knight)         Turns: 3040, Time: 00:06:42

Health: -6/54      AC:  5    Str: 18    XL:     7   Next: 37%
Magic:  6/6        EV:  8    Int:  7    God:    Xom [.....*]
Gold:   131        SH: 14    Dex: 10    Spells: 0 memorised, 6 levels left

rFire  . . .     SeeInvis .     m - +0 war axe
rCold  . . .     Gourm    .     b - +2 leather armour
rNeg   . . .     Faith    .     j - +0 large shield
rPois  .         Spirit   .     (helmet restricted)
rElec  .         Dismiss  .     (no cloak)
rCorr  .         Reflect  .     (no gloves)
SustAt .         Harm     .     (no boots)
MR     .....                    (no amulet)
Stlth  +.........               (no ring)
                                (no ring)

@: fainting, not resistant to hostile enchantments, very unstealthy
A: retaliatory headbutt, horns 2, dopey 1, frail 1
a: Renounce Religion


You were on level 4 of the Dungeon.
You worshipped Xom.
You were Xom's teddy bear.
You were fainting.

You visited 1 branch of the dungeon, and saw 4 of its levels.

You collected 131 gold pieces.

Inventory:

Hand Weapons
 a - a +0 hand axe of chaos
 m - a +0 war axe (weapon)
Armour
 b - a +2 leather armour (worn)
 j - a +0 large shield (worn)
Jewellery
 d - an uncursed amulet of faith {unknown}
Scrolls
 c - a scroll of random uselessness {unknown}
 g - a scroll of fear {unknown}
 h - 2 scrolls of fog {unknown}
 i - 4 scrolls of amnesia {unknown}
 k - a scroll of remove curse {unknown}
 n - a scroll of enchant armour {unknown}
 o - a scroll of recharging {unknown}
Potions
 e - a potion of degeneration {unknown}
 f - 3 potions of heal wounds {unknown}
 l - a potion of curing {unknown}
 p - a potion of ambrosia {unknown}
 q - 2 potions of berserk rage {unknown}


   Skills:
 + Level 5.3 Fighting
 * Level 6.3 Axes
 + Level 3.5 Armour
 + Level 3.7 Dodging
 - Level 1.2 Stealth
 * Level 4.6 Shields


You had 6 spell levels left.
You didn't know any spells.

Dungeon Overview and Level Annotations

Branches:
Dungeon (4/15)
 Temple: D:4-7

Altars:
Cheibriados
Ru
Sif Muna


Innate Abilities, Weirdness & Mutations

You reflexively headbutt those who attack you in melee.
You have a pair of horns on your head.
You are dopey. (Int -2)
You are frail (-10% HP).


Message History

"Go forth and destroy!"
You feel better.
Your ufetubus hits the orc wizard. x2
You block the orc wizard's attack.
Your ufetubus barely misses the orc.
Your ufetubus hits the orc. The orc misses your ufetubus.
Your ufetubus hits the orc. x2
The orc dies!
Your shield prevents you from hitting the orc wizard.
The orc wizard is moderately wounded.
The orc wizard hits you with a dagger.
* * * LOW HITPOINT WARNING * * *
Your ufetubus completely misses the orc wizard.
Your ufetubus hits the orc wizard.
The orc wizard points at you and mumbles some strange words.
The puff of frost hits you!
* * * LOW HITPOINT WARNING * * *
The orc misses your ufetubus.
Your ufetubus misses the orc wizard. Your ufetubus hits the orc wizard.
The orc wizard gestures at you while chanting.
The magic dart hits you!
You die...

........ #.. ......
######.. .... #....#..
#.. #....+รท.
#o######....#..
#.....##....#..
########oo...##....#..
#......o5(.........'..
#....@..(..........#.)
#..##.##############..
#. #.# ............
... ............ ....
............ .##..#
............ ## #..#
..######.... ...'
#.... #....


You could see an orc wizard, 2 orcs and a friendly ufetubus.

Vanquished Creatures
  Grinder (D:4)
  A hound (D:4)
  A jelly (D:4)
  An orc priest (D:4)
  2 orc wizards
  A worker ant (D:4)
  8 adders
  An ooze (D:3)
  4 worms
  2 dart slugs
  3 giant geckos (D:2)
  5 orcs
  2 giant cockroaches
  6 goblins
  6 hobgoblins
  A ball python (D:3)
  4 bats
  3 giant gecko skeletons (D:4)
  3 giant newts
  3 kobolds
  8 rats
  A plant (D:3)
67 creatures vanquished.

Vanquished Creatures (collateral kills)
  An orc (D:4)
1 creature vanquished.

Vanquished Creatures (others)
  The ghost of epen the Spear-Bearer, a novice MfGl (D:4)
1 creature vanquished.

Grand Total: 69 creatures vanquished

Notes
Turn   | Place    | Note
--------------------------------------------------------------
     0 | D:1      | macross the Minotaur Chaos Knight began the quest for the Orb.
     0 | D:1      | Reached XP level 1. HP: 19/19 MP: 0/0
    93 | D:2      | Reached skill level 4 in Axes
   113 | D:2      | Reached XP level 2. HP: 27/27 MP: 1/1
   382 | D:2      | Reached XP level 3. HP: 8/33 MP: 2/2
   836 | D:3      | Found a snail-covered altar of Cheibriados.
   904 | D:3      | Found a sacrificial altar of Ru.
   917 | D:3      | Reached XP level 4. HP: 37/41 MP: 3/3
  1191 | D:3      | XOM: harmless Air miscast
  1303 | D:3      | XOM: divination: magic mapping
  1417 | D:3      | XOM: harmless Summ miscast
  1483 | D:2      | Reached skill level 5 in Axes
  1847 | D:2      | XOM: harmless Tloc miscast
  1882 | D:2      | Found a deep blue altar of Sif Muna.
  1884 | D:2      | XOM: harmless Pois miscast
  2471 | D:3      | XOM: silly message
  2510 | D:3      | Reached XP level 5. HP: 42/47 MP: 4/4
  2524 | D:4      | Noticed Grinder
  2525 | D:4      | XOM: potion effect (agility)
  2526 | D:4      | XOM: cast spell 'Olgreb's Toxic Radiance'
  2533 | D:4      | Killed Grinder
  2533 | D:4      | Reached skill level 5 in Fighting
  2533 | D:4      | Reached skill level 1 in Stealth
  2533 | D:4      | Reached XP level 6. HP: 47/56 MP: 5/5
  2621 | D:4      | XOM: enchant monster (bad)
  2623 | D:4      | XOM: confuse monster(s)
  2721 | D:4      | XOM: give mutations
  2721 | D:4      | Gained mutation: You are frail (-10% HP). [Xom's mischief]
  2721 | D:4      | Gained mutation: You are dopey. (Int -2) [Xom's mischief]
  2958 | D:4      | Noticed epen's ghost (novice MfGl)
  2961 | D:4      | XOM: potion effect (might)
  2972 | D:4      | XOM: enchant monster (bad)
  2992 | D:4      | Killed epen's ghost
  2992 | D:4      | Reached skill level 6 in Axes
  2992 | D:4      | Reached XP level 7. HP: 8/54 MP: 6/6
  2992 | D:4      | XOM: divine lightning (protected)
  3036 | D:4      | XOM: summons friendly ufetubus
  3036 | D:4      | HP: 1/54 [orc wizard/magic dart (6)]
  3037 | D:4      | XOM: potion effect (curing)
  3040 | D:4      | Killed from afar by an orc wizard

Vault maps used:
D:1:      enne_arrival_octagon_isle, st_stairs_14
D:2:      lemuel_blue_sif_altar
D:3:      old_standard_altar, nicolae_ru_great_annihilating_truth,
          serial_forest, infiniplex_forest_straight_2,
          infiniplex_forest_fountain, infiniplex_forest_clump_small,
          infiniplex_forest_lined_1, infiniplex_forest_clump_cross,
          infiniplex_forest_clump_small, infiniplex_forest_lined_room_,
          infiniplex_forest_straight_4, infiniplex_forest_pool,
          bh_walls_and_bars
D:4:      uniq_grinder

Skill      XL: |  1  2  3  4  5  6 |
---------------+-------------------+-----
Axes           | 4 5 6 |  6.3
Fighting       | 4 5 |  5.3
Armour         | 3 |  3.5
Dodging        | 2 3 |  3.7
Stealth        | 1 |  1.2
Shields        | 2 4 |  4.6

Action                   |  1- 3 |  4- 6 |  7- 9 || total
-------------------------+-------+-------+-------++-------
Melee: Hand axe          |    86 |    35 |       ||   121
       Headbutt          |    13 |    16 |       ||    29
       War axe           |       |    98 |     8 ||   106
 Stab: Paralysed         |     1 |       |       ||     1
       Sleeping          |       |     1 |       ||     1
  Eat: Bread ration      |       |     1 |       ||     1
Armor: Leather armour    |    20 |    37 |     1 ||    58
Dodge: Dodged            |    29 |    30 |     4 ||    63
Block: Large shield      |    14 |    91 |     9 ||   114
